 Dungeon Crawl Stone Soup version 0.31-a0-161-gb58dd9be76 (webtiles) character file.

Game seed: 9054933809903932004

38 pokeman the Magician (level 3, -1/20 HPs)
             Began as a Deep Elf Hedge Wizard on June 12, 2023.
             Killed by divine providence
             ... invoked by an orc priest
              (11 damage)
             ... on level 2 of the Dungeon.
             The game lasted 00:02:36 (1705 turns).

pokeman the Magician (Deep Elf Hedge Wizard)        Turns: 1705, Time: 00:02:37

Health: -1/20      AC:  4    Str:  7    XL:     3   Next: 25%
Magic:  4/11       EV: 12    Int: 20    God:
Gold:   50         SH:  0    Dex: 14    Spells: 4/12 levels left

rFire   + . .        a - +0 dagger
rCold   . . .        (no shield)
rNeg    . . .        b - +0 robe
rPois   +            c - +0 hat
rElec   .            e - +0 cloak
rCorr   .            (no gloves)
SInv    .            j - +0 pair of boots
Will    .....        (no amulet)
Stlth   +            k - ring of poison resistance
HPRegen 0.23/turn    o - ring of protection from fire
MPRegen 0.12/turn

%: no passive effects
@: confused, very slightly contaminated
A: no striking features
a: no special abilities


You were on level 2 of the Dungeon.
You visited 1 branch of the dungeon, and saw 2 of its levels.

You collected 50 gold pieces.

Inventory:

Hand Weapons
 a - a +0 dagger (weapon)
Armour
 b - a +0 robe (worn)
 c - a +0 hat (worn)
 e - a +0 cloak (worn)
 j - a +0 pair of boots (worn)
Jewellery
 k - a ring of poison resistance (left hand)
 o - a ring of protection from fire (right hand)
Scrolls
 f - 2 scrolls of amnesia {unknown}
 g - a scroll of noise {unknown}
 h - a scroll of immolation {unknown}
 i - a scroll of identify {unknown}
 l - a scroll of fog {unknown}
 m - a scroll of torment {unknown}
 n - a scroll of fear {unknown}
Potions
 d - a potion of magic


   Skills:
 + Level 0.8 Fighting
 + Level 0.8 Armour
 - Level 2.4 Dodging
 - Level 2.4 Stealth
 * Level 5.2 Spellcasting
 + Level 1.7 Conjurations
 - Level 1.1 Summonings
 - Level 1.1 Translocations


You had 4 spell levels left.
You knew the following spells:

 Your Spells              Type           Power      Damage    Failure   Level
a - Magic Dart            Conj           48%        1d5       5%          1
b - Mephitic Cloud        Conj/Pois/Air  7%         N/A       26%         3
c - Call Imp              Summ           18%        N/A       11%         2
d - Blink                 Tloc           18%        N/A       11%         2

Your spell library contained the following spells:

 Spells                   Type           Power      Damage    Failure   Level
 Slow                     Hex            20%        N/A       12%         1
 Cigotuvi's Dreadful Rot  Necr/Pois/Air  10%        N/A       17%         2


Dungeon Overview and Level Annotations

Branches:
Dungeon (2/15)

Altars:


Message History

Aiming: Mephitic Cloud (extremely dangerous; 26% risk of failure)
Press: ? - help, Shift-Dir - straight line, f - orc wizard
Aim: an orc wizard, wielding a +0 dagger and wearing a +0 robe (wandering, hasn't noticed you, chance to affect: 86%)
The ball explodes into a vile cloud!
The stinking cloud engulfs the orc wizard but does no damage.
The orc wizard shouts!
You hear a shout!
The orc wizard is engulfed in noxious fumes.
The orc wizard appears confused.
Unknown command.
An orc and an orc priest come into view.
The orc wizard hits you but does no damage.
The orc throws a boomerang.
The boomerang barely misses you.
The orc priest mumbles some strange prayers to Beogh against you.
Beogh smites you!
Ouch! That really hurt!
A hobgoblin comes into view.
You barely miss the orc wizard.
The orc wizard hits you but does no damage.
Casting: Mephitic Cloud (extremely dangerous; 26% risk of failure)
Confirm with . or Enter, or press ? or * to list all spells.
The spell is extremely dangerous to miscast (26% risk of failure)!
Continue anyway?
Aiming: Mephitic Cloud (extremely dangerous; 26% risk of failure)
Press: ? - help, Shift-Dir - straight line, f - orc priest, p - orc wizard
Aim: an orc priest, wielding a +0 hand axe and wearing a +0 chain mail (chance to affect: 86%)
You miscast Mephitic Cloud.
You are very lightly contaminated with residual magic.
Nothing appears to happen.
The orc wizard seems less confused.
The orc wizard points at you and mumbles some strange words.
You are confused.
You're too confused to cast spells.
The orc wizard casts a spell at you. The puff of flame misses you.
There are monsters nearby!
You bump into the rock wall.
You bump into the rock wall.
You're too confused to move!
The orc priest invokes the aid of Beogh against you.
Beogh smites you!
Ouch! That really hurt!
You die...

#....##.........#
#.#..........#..
#.#.##.###.###.##
#...##......##..###
##..######........#
#..# #.#####...
#.## #.# #.#. #>##
#.# #... #@o# #.#
##.. #..# #.# ##. #
#..# #.# #. .o.
#og## #. #.
#...##o..###.. ##
#o..)..!....#
#######
###.#.#.##...
....... #.....# .#
####### ###.... # #


You could see an orc priest, an orc wizard, an orc and a hobgoblin.

Vanquished Creatures
  A dart slug (D:1)
  2 orcs (D:2)
  3 endoplasms
  2 goblins (D:2)
  2 jackals (D:2)
  A quokka (D:1)
  3 ball pythons (D:1)
  6 bats
  A frilled lizard (D:2)
  4 kobolds (D:1)
  9 rats
34 creatures vanquished.

Notes
Turn   | Place    | Note
-------+----------+-------------------------------------------
     0 | D:1      | pokeman the Deep Elf Hedge Wizard began the quest for the
                  | Orb.
     0 | D:1      | Reached XP level 1. HP: 10/10 MP: 7/7
   456 | D:1      | Reached XP level 2. HP: 15/15 MP: 3/9
  1309 | D:1      | Found a faded altar of an unknown god.
  1329 | D:1      | Reached skill level 5 in Spellcasting
  1564 | D:2      | Reached XP level 3. HP: 20/20 MP: 9/11
  1568 | D:2      | Learned a level 3 spell: Mephitic Cloud
  1571 | D:2      | Learned a level 2 spell: Call Imp
  1574 | D:2      | Learned a level 2 spell: Blink
  1705 | D:2      | Killed from afar by an orc priest

Illustrated notes

Levels and vault maps discovered:
D:1:      dpeg_arrival_stonehenge_8_columns, layout_loops_corners,
          ebering_ecumenical_altar_petrified
D:2:      layout_rooms, uniq_natasha

Skill      XL: |  1  2 |
---------------+-------+-----
Spellcasting   | 5 |  5.2
Fighting       | |  0.8
Armour         | |  0.8
Dodging        | |  2.4
Stealth        | |  2.4
Conjurations   | |  1.7
Summonings     | |  1.1
Translocations | |  1.1

Action                     || total
---------------------------++-------
  Melee: Dagger            ||     6
   Cast: Magic Dart        ||    82
         Mephitic Cloud    ||     1
   Stab: Sleeping          ||     1
 Armour: Robe              ||     7
  Dodge: Dodged            ||    20

Table legend: (Time is in decaauts)
 A = Elapsed time spent in this place.
 B = Non-inter-level travel time spent in this place.
 C = Inter-level travel time spent in this place.
 D = Time resting spent in this place.
 E = Time spent auto-exploring this place.
 F = Levels seen in this place.
 G = Mean time per level.
                   A        B        C        D        E       F      G
               +--------+--------+--------+--------+--------+-----+--------+
         Total |   1703 |   1668 |     35 |     44 |   1405 |   2 |  851.5 |
       Dungeon |   1703 |   1668 |     35 |     44 |   1405 |   2 |  851.5 |
               +--------+--------+--------+--------+--------+-----+--------+

Top non-repeatable levels by time:
     D:1: 1409 daAuts
     D:2: 294 daAuts
